[Event "Marshall CC U2400 October 2024"]
[Site "New York"]
[Date "2024.10.20"]
[Round "3.1"]
[White "Sarkar, Justin"]
[Black "Paragua, Megan Althea"]
[Result "1/2-1/2"]
[ECO "D37"]
[WhiteElo "2275"]
[BlackElo "2190"]
[Annotator "RC"]
[PlyCount "115"]
[EventDate "2024.04.20"]
[EventType "swiss"]
[EventCountry "USA"]
[SourceTitle "playchess.com"]
[Source "ChessBase"]
[SourceQuality "1"]
[TimeControl "5400+30"]

1. d4 Nf6 2. c4 e6 3. Nf3 d5 4. Nc3 Be7 5. Bf4 O-O 6. e3 c5 7. dxc5 Bxc5 8. cxd5 Nxd5 9. Nxd5 exd5 10. Bd3 Bb6 11. O-O Nc6 12. b4 h6 13. b5 Ne7 14. Nd4 Bxd4 15. exd4 Bf5 16. Be2 Ng6 17. Be3 Rc8 18. Qa4 Qb6 19. Rac1 Nh4 20. g3 Bh3 21. Rxc8 Rxc8 22. Rc1 Rxc1+ 23. Bxc1 Qe6 24. Qd1 Nf5 25. Bb2 Nd6 26. a4 b6 27. Bf3 Nc4 28. Bc3 Bf5 29. Qe1 Bc2 30. a5 Nd6 31. axb6 axb6 32. Qxe6 fxe6 33. Be2 Ba4 34. Bb4 Nc8 35. f4 Na7 36. Bd6 Bxb5 37. Bb8 Nc6 38. Bxb5 Nxb8 39. Kf2 Kf7 40. Kf3 Ke7 41. Kg4 Kd6 42. Kh5 Nc6 43. Kg6 Nxd4 44. Bd3 Nf5 45. g4 Ne3 46. g5 hxg5 47. fxg5 Nf5 48. Kf7 d4 49. g6 Ke5 50. h4 Nxh4 51. Kxg7 Kf4 52. Kf6 Nxg6 53. Bxg6 e5 54. Ke6 b5 55. Kd5 Ke3 56. Kxe5 d3 57. Kd5 b4 58. Kc4 1/2-1/2

[Event "Marshall CC U2400 October 2024"]
[Site "New York"]
[Date "2024.10.20"]
[Round "3.2"]
[White "Sukhiashvili, Alexander"]
[Black "Bonin, Jay"]
[Result "0-1"]
[ECO "B12"]
[WhiteElo "1812"]
[BlackElo "2131"]
[Annotator "RC"]
[PlyCount "92"]
[EventDate "2024.04.20"]
[EventType "swiss"]
[EventCountry "USA"]
[SourceTitle "playchess.com"]
[Source "ChessBase"]
[SourceQuality "1"]
[TimeControl "5400+30"]

1. e4 c6 2. d4 a6 3. c4 d6 4. Nc3 b5 5. a3 Nf6 6. Bg5 h6 7. Bxf6 exf6 8. Bd3 bxc4 9. Bxc4 Be7 10. Nge2 f5 11. Bd3 fxe4 12. Bxe4 d5 13. Bc2 a5 14. O-O Ba6 15. Rb1 O-O 16. b4 Bc4 17. Re1 axb4 18. axb4 Na6 19. Ng3 Bxb4 20. Re3 Re8 21. Rf3 Bxc3 22. Rxc3 Nc7 23. Nh5 Be2 24. Qd2 Bxh5 25. Rxc6 Ne6 26. Rc3 Qf6 27. Bd1 Bxd1 28. Rxd1 Nxd4 29. Re3 Rxe3 30. fxe3 Nf5 31. Qxd5 Ra1 32. Rxa1 Qxa1+ 33. Kf2 Qf1+ 34. Kxf1 Nxe3+ 35. Ke2 Nxd5 36. Kf3 f5 37. g4 f4 38. Ke4 Kf7 39. Kf3 Kf6 40. h4 Ke5 41. Kg2 Ke4 42. Kf2 f3 43. g5 h5 44. g6 Kf4 45. Kg1 Kg3 46. Kh1 Ne3 0-1

[Event "Marshall CC U2400 October 2024"]
[Site "New York"]
[Date "2024.10.20"]
[Round "3.3"]
[White "Knowles, Chase"]
[Black "Solomon, Ciprian"]
[Result "1-0"]
[ECO "A11"]
[WhiteElo "1966"]
[BlackElo "1905"]
[Annotator "RC"]
[PlyCount "121"]
[EventDate "2024.04.20"]
[EventType "swiss"]
[EventCountry "USA"]
[SourceTitle "playchess.com"]
[Source "ChessBase"]
[SourceQuality "1"]
[TimeControl "5400+30"]

1. Nf3 c6 2. c4 Nf6 3. Nc3 d5 4. e3 e6 5. b3 Be7 6. Bb2 b6 7. cxd5 exd5 8. g3 Bg4 9. Bg2 Nbd7 10. Qc2 Rc8 11. O-O O-O 12. Nd4 Nc5 13. Nf5 Re8 14. Nxe7+ Qxe7 15. b4 Ncd7 16. a3 Ne5 17. d3 Nf3+ 18. Kh1 Qe6 19. Ne2 Ne5 20. Nd4 Qd7 21. f4 Ng6 22. Qd2 c5 23. Nf3 Bh3 24. Bxf6 Bxg2+ 25. Kxg2 gxf6 26. Rfe1 Qa4 27. Rec1 Re7 28. Nd4 Rec7 29. bxc5 bxc5 30. Ne2 Ne7 31. Nc3 Qc6 32. Kg1 Qe6 33. e4 Rd7 34. exd5 Nxd5 35. Ne4 c4 36. Re1 c3 37. Qf2 Qa6 38. Nc5 Rxc5 39. Qxc5 Qb6 40. Qxb6 Nxb6 41. Red1 Na4 42. Rac1 Rb7 43. Rc2 Rb3 44. d4 Kf8 45. d5 Nc5 46. d6 Ke8 47. Rd5 Rb1+ 48. Kg2 Rb2 49. Rxb2 cxb2 50. Rd1 Nd3 51. Rb1 Kd7 52. Kf3 Kxd6 53. Ke3 Nc5 54. Rxb2 Nd7 55. Rb7 a5 56. Ra7 Nb6 57. Kd4 Nd7 58. Rxa5 Nb8 59. Ke4 Ke6 60. Ra8 Nd7 61. Re8+ 1-0

[Event "Marshall CC U2400 October 2024"]
[Site "New York"]
[Date "2024.10.20"]
[Round "3.4"]
[White "Schaefer, Sasha Milo"]
[Black "Dalhouse, Justin"]
[Result "1-0"]
[ECO "B52"]
[WhiteElo "1850"]
[BlackElo "1904"]
[Annotator "RC"]
[PlyCount "135"]
[EventDate "2024.04.20"]
[EventType "swiss"]
[EventCountry "USA"]
[SourceTitle "playchess.com"]
[Source "ChessBase"]
[SourceQuality "1"]
[TimeControl "5400+30"]

1. e4 c5 2. Nf3 d6 3. Bb5+ Bd7 4. Bxd7+ Qxd7 5. c4 Nc6 6. d4 cxd4 7. Nxd4 g6 8. Nc3 Bg7 9. Be3 Nf6 10. f3 O-O 11. O-O Rac8 12. b3 Rfd8 13. Qd2 e6 14. Rad1 d5 15. cxd5 exd5 16. Nxc6 bxc6 17. e5 Ne8 18. f4 f6 19. Na4 Bf8 20. Qa5 Rc7 21. Bd4 f5 22. Rfe1 Qe6 23. Rc1 Rb8 24. Bc5 Rb5 25. Qd2 Ng7 26. Qe3 Bxc5 27. Nxc5 Qe7 28. e6 Rb4 29. Qe5 Re4 30. Rxe4 fxe4 31. b4 Rc8 32. a3 Rd8 33. Rd1 Re8 34. Nxe4 Qxe6 35. Nf6+ Kf7 36. Nxe8 Qxe5 37. fxe5 Kxe8 38. Rc1 Kd7 39. Rc5 Nf5 40. Ra5 Ke6 41. Rxa7 Kxe5 42. Rxh7 d4 43. Kf2 Kd5 44. Rf7 Ne3 45. Rf3 Ng4+ 46. Ke2 Kc4 47. Rg3 Ne5 48. Rg5 Nd7 49. Rxg6 c5 50. bxc5 Kxc5 51. Rg5+ Kc4 52. Kd2 Nf6 53. Re5 Ng4 54. Rh5 Ne3 55. g3 Ng4 56. h4 Ne3 57. Rg5 Nf1+ 58. Ke2 Nh2 59. h5 d3+ 60. Kd1 Nf1 61. h6 Ne3+ 62. Kc1 Kc3 63. Rc5+ Kd4 64. Rc8 Nf5 65. h7 Nxg3 66. h8=Q+ Ke3 67. Qe5+ Ne4 68. Re8 1-0

[Event "Marshall CC U2400 October 2024"]
[Site "New York"]
[Date "2024.10.20"]
[Round "3.5"]
[White "Yu, Dylan Fountain"]
[Black "Berg, George"]
[Result "0-1"]
[ECO "B55"]
[WhiteElo "1841"]
[BlackElo "1962"]
[Annotator "RC"]
[PlyCount "120"]
[EventDate "2024.04.20"]
[EventType "swiss"]
[EventCountry "USA"]
[SourceTitle "playchess.com"]
[Source "ChessBase"]
[SourceQuality "1"]
[TimeControl "5400+30"]

1. e4 c5 2. Nf3 d6 3. d4 cxd4 4. Nxd4 Nf6 5. f3 e5 6. Nb3 d5 7. Bg5 Be6 8. Bxf6 gxf6 9. exd5 Qxd5 10. Qxd5 Bxd5 11. c4 Be6 12. N1d2 Nc6 13. O-O-O O-O-O 14. Be2 Bh6 15. Kb1 Nd4 16. Nxd4 Rxd4 17. Nb3 Bf5+ 18. Ka1 Rxd1+ 19. Rxd1 Rd8 20. Rxd8+ Kxd8 21. Nc5 Kc7 22. Bd3 Bxd3 23. Nxd3 Kd6 24. g4 Be3 25. Kb1 Ke6 26. Kc2 f5 27. gxf5+ Kxf5 28. Kd1 Bg1 29. h3 Bd4 30. Ke2 Kg5 31. b4 Kh4 32. c5 f5 33. Kf1 Kg3 34. b5 e4 35. c6 bxc6 36. bxc6 Bb6 37. fxe4 fxe4 38. Nc5 Kf3 39. Ne6 h6 40. c7 e3 41. Nf4 Bxc7 42. Ne2 Be5 43. Ng1+ Kg3 44. Ke2 Kg2 45. Nf3 Bf4 46. h4 Kg3 47. a4 h5 48. Nd4 Kg4 49. a5 a6 50. Ne6 Bg3 51. Kxe3 Bxh4 52. Ke2 Kg3 53. Kf1 Be7 54. Nc7 Bc5 55. Ne6 Bb4 56. Nc7 Bxa5 57. Nxa6 Bb6 58. Nb4 h4 59. Nd5 h3 60. Nc3 Kf3 0-1

[Event "Marshall CC U2400 October 2024"]
[Site "New York"]
[Date "2024.10.20"]
[Round "3.6"]
[White "Miller, Rachel"]
[Black "Tao, Jeremy"]
[Result "1/2-1/2"]
[ECO "B40"]
[WhiteElo "1914"]
[BlackElo "1832"]
[Annotator "RC"]
[PlyCount "52"]
[EventDate "2024.04.20"]
[EventType "swiss"]
[EventCountry "USA"]
[SourceTitle "playchess.com"]
[Source "ChessBase"]
[SourceQuality "1"]
[TimeControl "5400+30"]

1. e4 c5 2. Nf3 e6 3. g3 a6 4. a4 Nc6 5. Bg2 g6 6. O-O Bg7 7. c3 e5 8. Na3 d6 9. Nc2 Qb6 10. b4 cxb4 11. Nxb4 Nge7 12. Nxc6 Qxc6 13. Re1 O-O 14. Ba3 Rd8 15. Rb1 Qc7 16. Qb3 b5 17. Bf1 Be6 18. Qc2 h6 19. Bb2 b4 20. Rec1 b3 21. Qd1 Qb7 22. Bg2 d5 23. exd5 Bxd5 24. Ba3 Qd7 25. c4 Bc6 26. Qxb3 Nf5 1/2-1/2

[Event "Marshall CC U2400 October 2024"]
[Site "New York"]
[Date "2024.10.20"]
[Round "3.7"]
[White "Wang, Connor Junda"]
[Black "Shehata, Akram"]
[Result "1-0"]
[ECO "B02"]
[WhiteElo "1851"]
[BlackElo "1809"]
[Annotator "NA RC"]
[PlyCount "77"]
[EventDate "2024.04.20"]
[EventType "swiss"]
[EventCountry "USA"]
[SourceTitle "playchess.com"]
[Source "ChessBase"]
[SourceQuality "1"]
[TimeControl "5400+30"]

1. e4 d5 2. exd5 Nf6 3. Nc3 Nxd5 4. Bc4 e6 5. Nf3 Nxc3 6. bxc3 Bd6 {[%emt 0:00:57] B02: Alekhine's Defence: Chase Variation and lines with early Nc3.} 7. d4 c6 8. O-O Qa5 9. Bd2 Nd7 10. Bd3 Qc7 11. c4 c5 12. c3 Nf6 13. Qe2 Bf4 14. Ne5 Bxd2 15. Qxd2 b6 16. Rae1 Bb7 17. d5 O-O-O 18. dxe6 fxe6 19. f3 Ne4 20. Qc2 Qxe5 21. Bxe4 Bxe4 22. Rxe4 Qf6 23. Rfe1 Rd6 24. Re5 Rhd8 (24... Qf4 $14) 25. Qxh7 Rd1 26. Qe4 Rxe1+ 27. Qxe1 Rd1 28. Rxc5+ bxc5 29. Qxd1 Qxc3 {[%emt 0:00:18] [#]} 30. Qe2 $1 Qd4+ 31. Kf1 Kd7 32. g3 Ke7 33. Kg2 a5 34. Qc2 Kf6 35. h4 g6 36. Kh3 Kf7 37. Qe4 e5 38. Qb7+ Kf6 {[%emt 0:00:00] [#]} 39. Qe4 $11 (39. g4 $1 $18 Qxc4 40. g5+ Ke6 41. Qc6+ Ke7 42. Qf6+ (42. Qxg6 Qf1+ 43. Kg4 Qg2+ 44. Kh5 Qxf3+ 45. Kh6 Qf8+ 46. Kh7 c4 $11) 42... Kd7 43. Qg7+ (43. Qxe5 Qf1+ 44. Kg3 Qg1+ 45. Kh3 Qf1+ 46. Kg3 Qg1+ 47. Kf4 Qh2+ 48. Ke4 Qe2+ 49. Kf4 Qh2+ 50. Ke4 Qe2+ 51. Kd5 Qd2+ 52. Kc4 Qb4+ 53. Kd5 Qd2+ 54. Kxc5 Qb4+ 55. Kd5 Qb5+ 56. Kd4 Qb2+ 57. Ke4 Qe2+ 58. Kd5 Qb5+ 59. Ke4 Qe2+ 60. Kf4 Qh2+ 61. Ke4 Qe2+ $11) (43. Qxg6 Qf1+ 44. Kg4 Qg2+ 45. Kf5 Qxf3+ 46. Kxe5 Qc3+ 47. Kf4 Qd2+ 48. Kf5 Qf2+ 49. Ke5 Qd4+ 50. Kf5 Qf2+ 51. Ke5 Qd4+ 52. Kf5 Qf2+ $11) 43... Kd8 44. Qxg6 Qf1+ 45. Kg4 Qg2+ 46. Kf5 Qxf3+ 47. Kxe5 (47. Ke6 e4 $14) 47... Qc3+ 48. Kd5 Qd4+ 49. Kc6) 1-0

[Event "Marshall CC U2400 October 2024"]
[Site "New York"]
[Date "2024.10.20"]
[Round "3.8"]
[White "Gutnik, Aleksandr"]
[Black "Goel, Raben"]
[Result "1-0"]
[ECO "B13"]
[WhiteElo "1944"]
[BlackElo "1814"]
[Annotator "RC"]
[PlyCount "81"]
[EventDate "2024.04.20"]
[EventType "swiss"]
[EventCountry "USA"]
[SourceTitle "playchess.com"]
[Source "ChessBase"]
[SourceQuality "1"]
[TimeControl "5400+30"]

1. e4 c6 2. d4 d5 3. exd5 cxd5 4. Bd3 Nc6 5. c3 Nf6 6. h3 e5 7. dxe5 Nxe5 8. Qe2 Qe7 9. Be3 Nxd3+ 10. Qxd3 g6 11. Nf3 Bg7 12. O-O O-O 13. Nd4 Be6 14. Nd2 Nd7 15. N2f3 Ne5 16. Nxe5 Bxe5 17. Rfe1 Bg7 18. Rad1 Qd7 19. Bf4 Rac8 20. Be5 Bh6 21. Qg3 Bf5 22. Qh4 Bg7 23. Bxg7 Kxg7 24. Re7 Qd6 25. Nxf5+ gxf5 26. Qd4+ Qf6 27. Rxb7 Qxd4 28. Rxd4 Rb8 29. Rdb4 Rbe8 30. Rxa7 Re2 31. g3 Rfe8 32. Rbb7 Rd2 33. Rxf7+ Kg6 34. Rg7+ Kh6 35. Rxh7+ Kg6 36. Rhb7 Re1+ 37. Kg2 f4 38. Rb6+ Kg5 39. Rg7+ Kh5 40. g4+ Kh4 41. Rh6# 1-0

[Event "Marshall CC U2400 October 2024"]
[Site "New York"]
[Date "2024.10.20"]
[Round "3.9"]
[White "Singh, Ian Avery"]
[Black "Larsen, Jeremy"]
[Result "1/2-1/2"]
[ECO "B07"]
[WhiteElo "1715"]
[BlackElo "1933"]
[Annotator "RC"]
[PlyCount "57"]
[EventDate "2024.04.20"]
[EventType "swiss"]
[EventCountry "USA"]
[SourceTitle "playchess.com"]
[Source "ChessBase"]
[SourceQuality "1"]
[TimeControl "5400+30"]

1. e4 d6 2. d4 Nf6 3. Nc3 g6 4. g3 Bg7 5. Bg2 O-O 6. Nge2 e5 7. h3 Nc6 8. Be3 exd4 9. Nxd4 Bd7 10. O-O Re8 11. Qd2 a6 12. a4 Qe7 13. Rfe1 Qf8 14. Rad1 Rad8 15. b3 Nxd4 16. Bxd4 Bc6 17. Nd5 Nxd5 18. exd5 Bd7 19. Qc3 Rc8 20. Bxg7 Qxg7 21. Rxe8+ Bxe8 22. Qb4 b6 23. Qc4 a5 24. Re1 Qf6 25. Qg4 Rd8 26. Qc4 Rc8 27. Qg4 Rd8 28. Qc4 Rc8 29. Qg4 1/2-1/2

[Event "Marshall CC U2400 October 2024"]
[Site "New York"]
[Date "2024.10.20"]
[Round "3.10"]
[White "Lou, Aileen"]
[Black "Goodrich, Elliott"]
[Result "0-1"]
[ECO "C55"]
[WhiteElo "1689"]
[BlackElo "1851"]
[Annotator "NA RC"]
[PlyCount "74"]
[EventDate "2024.04.20"]
[EventType "swiss"]
[EventCountry "USA"]
[SourceTitle "playchess.com"]
[Source "ChessBase"]
[SourceQuality "1"]
[TimeControl "5400+30"]

1. e4 e5 2. Nf3 Nc6 3. Bc4 Nf6 4. d3 h6 5. c3 d6 6. h3 g6 7. Be3 Bg7 8. Nbd2 O-O 9. O-O d5 10. Bb3 Be6 11. Re1 Qd6 12. exd5 Bxd5 13. Bxd5 Qxd5 14. Nb3 Nd7 15. d4 Rad8 16. Qc2 exd4 17. Nbxd4 Nde5 18. b3 Nxf3+ 19. Nxf3 Qd3 20. Qxd3 Rxd3 21. Rac1 Kh7 22. c4 Rfd8 23. Bf4 R8d7 24. Re3 Nb4 25. Rxd3 Rxd3 26. a3 Rxf3 27. gxf3 Nd3 28. Rd1 Nxf4 29. Rd7 Be5 30. Rxf7+ Kg8 31. Re7 Bd6 32. Re4 Nxh3+ 33. Kg2 Ng5 34. Rh4 h5 35. b4 b6 36. Rd4 Ne6 37. Kf1 Nxd4 0-1

[Event "Marshall CC U2400 October 2024"]
[Site "New York"]
[Date "2024.10.20"]
[Round "4.1"]
[White "Das, Aditeya"]
[Black "Sarkar, Justin"]
[Result "0-1"]
[ECO "B43"]
[WhiteElo "1961"]
[BlackElo "2275"]
[Annotator "RC"]
[PlyCount "113"]
[EventDate "2024.04.20"]
[EventType "swiss"]
[EventCountry "USA"]
[SourceTitle "playchess.com"]
[Source "ChessBase"]
[SourceQuality "1"]
[TimeControl "5400+30"]

1. e4 c5 2. Nf3 e6 3. Nc3 a6 4. d4 cxd4 5. Nxd4 b5 6. Be2 Bb7 7. Bf3 Qc7 8. O-O b4 9. Nce2 Bd6 10. h3 Nf6 11. Qd3 Nc6 12. Nxc6 dxc6 13. Rd1 O-O-O 14. Nd4 c5 15. c3 cxd4 16. cxd4 Kb8 17. Be3 e5 18. Kh1 Bc5 19. Rac1 exd4 20. Bg5 Qe5 21. Bh4 Bd6 22. Bg3 Nxe4 23. Bxe5 Nxf2+ 24. Kg1 Nxd3 25. Bxd6+ Rxd6 26. Rxd3 Rc8 27. Rcd1 Rc2 28. Bxb7 Kxb7 29. Rb3 a5 30. a3 Rg6 31. g4 Re6 32. axb4 a4 33. Rf3 Rxb2 34. Ra1 f6 35. Rxa4 Re1+ 36. Rf1 Rxf1+ 37. Kxf1 d3 38. Ke1 Rh2 39. b5 Rxh3 40. Re4 Kb6 41. Re7 g6 42. Re6+ Kxb5 43. Rxf6 Kc4 44. Kd2 Kd4 45. Rf4+ Ke5 46. Ra4 Kf6 47. Ra5 Rg3 48. Ra7 h6 49. Ra5 Rxg4 50. Kxd3 Rf4 51. Ra6+ Kg5 52. Ke3 Rf5 53. Ra1 h5 54. Rg1+ Kh6 55. Rh1 g5 56. Ke4 Rf8 57. Kd4 0-1

[Event "Marshall CC U2400 October 2024"]
[Site "New York"]
[Date "2024.10.20"]
[Round "4.2"]
[White "Bonin, Jay"]
[Black "Knowles, Chase"]
[Result "1/2-1/2"]
[ECO "A00"]
[WhiteElo "2131"]
[BlackElo "1966"]
[Annotator "RC"]
[PlyCount "75"]
[EventDate "2024.04.20"]
[EventType "swiss"]
[EventCountry "USA"]
[SourceTitle "playchess.com"]
[Source "ChessBase"]
[SourceQuality "1"]
[TimeControl "5400+30"]

1. Nc3 d5 2. e4 d4 3. Nce2 c5 4. Ng3 e5 5. Nf3 Bd6 6. Bc4 Nf6 7. d3 h6 8. Nh4 Nc6 9. O-O Bf8 10. f4 exf4 11. Bxf4 g5 12. Bc7 Qxc7 13. Rxf6 gxh4 14. Rxf7 Qe5 15. Nh5 Bd6 16. Qf3 Ne7 17. Ng7+ Kd8 18. Rf8+ Rxf8 19. Qxf8+ Kd7 20. Bb5+ Nc6 21. Qf7+ Kd8 22. Qg8+ Kc7 23. Ne8+ Kb6 24. Nxd6 Qxd6 25. a4 a6 26. Bxc6 Qxc6 27. a5+ Ka7 28. Rf1 Be6 29. Qg7 Rg8 30. Qe5 Bh3 31. Rf2 Rg5 32. Qe7 Qg6 33. Kf1 Qh5 34. Ke1 Rxg2 35. Rxg2 Bxg2 36. e5 Qf5 37. Qxc5+ Kb8 38. Qxd4 1/2-1/2

[Event "Marshall CC U2400 October 2024"]
[Site "New York"]
[Date "2024.10.20"]
[Round "4.3"]
[White "Paragua, Megan Althea"]
[Black "Schaefer, Sasha Milo"]
[Result "1-0"]
[ECO "B13"]
[WhiteElo "2190"]
[BlackElo "1850"]
[Annotator "RC"]
[PlyCount "75"]
[EventDate "2024.04.20"]
[EventType "swiss"]
[EventCountry "USA"]
[SourceTitle "playchess.com"]
[Source "ChessBase"]
[SourceQuality "1"]
[TimeControl "5400+30"]

1. e4 c6 2. d4 d5 3. exd5 cxd5 4. c4 Nf6 5. Nc3 Nc6 6. Nf3 a6 7. c5 Bg4 8. Be2 e6 9. O-O Be7 10. Be3 O-O 11. Rc1 Qc7 12. Qd2 b6 13. cxb6 Qxb6 14. Na4 Qb7 15. b3 Ne4 16. Qb2 Rac8 17. h3 Bh5 18. Rc2 Nb4 19. Rxc8 Rxc8 20. Rc1 Rxc1+ 21. Bxc1 Nc6 22. Be3 h6 23. Qc1 Ng5 24. Nc5 Bxc5 25. Qxc5 Ne4 26. Qc1 a5 27. Ne5 Nxe5 28. Bxh5 Nd3 29. Qb1 Nb4 30. a3 Nc6 31. Bf3 a4 32. b4 Na5 33. Qc2 Qc6 34. Bxe4 dxe4 35. Qc5 Qxc5 36. dxc5 Nc4 37. c6 Kf8 38. c7 1-0

[Event "Marshall CC U2400 October 2024"]
[Site "New York"]
[Date "2024.10.20"]
[Round "4.4"]
[White "Berg, George"]
[Black "Gutnik, Aleksandr"]
[Result "1-0"]
[ECO "C10"]
[WhiteElo "1962"]
[BlackElo "1944"]
[Annotator "RC"]
[PlyCount "82"]
[EventDate "2024.04.20"]
[EventType "swiss"]
[EventCountry "USA"]
[SourceTitle "playchess.com"]
[Source "ChessBase"]
[SourceQuality "1"]
[TimeControl "5400+30"]

1. e4 e6 2. d4 d5 3. Nc3 dxe4 4. Nxe4 Nf6 5. Nxf6+ gxf6 6. Nf3 Nc6 7. Bf4 e5 8. dxe5 Qe7 9. c3 fxe5 10. Be3 Bd7 11. Qc2 O-O-O 12. O-O-O h5 13. Bd3 Bh6 14. Bxh6 Rxh6 15. Bf5 Rhh8 16. Bxd7+ Rxd7 17. Qf5 Qe6 18. Qxe6 fxe6 19. Rhe1 Rg8 20. g3 Rf8 21. Rxd7 Kxd7 22. Nxe5+ Nxe5 23. Rxe5 Rxf2 24. Rxh5 Rg2 25. Rh4 Kd6 26. Rd4+ Kc6 27. Rd2 Rg1+ 28. Kc2 e5 29. Kd3 Kd5 30. Ke3+ Ke6 31. Kf2 Rh1 32. Kg2 Rb1 33. g4 e4 34. h4 Ke5 35. h5 e3 36. Re2 Kf4 37. h6 Rd1 38. h7 Rd8 39. g5 Kxg5 40. Rxe3 Kf6 41. Rd3 Ra8 1-0

[Event "Marshall CC U2400 October 2024"]
[Site "New York"]
[Date "2024.10.20"]
[Round "4.5"]
[White "Goodrich, Elliott"]
[Black "Yoon, Jeremy K"]
[Result "1/2-1/2"]
[ECO "B01"]
[WhiteElo "1851"]
[BlackElo "1728"]
[Annotator "NA RC"]
[PlyCount "102"]
[EventDate "2024.04.20"]
[EventType "swiss"]
[EventCountry "USA"]
[SourceTitle "playchess.com"]
[Source "ChessBase"]
[SourceQuality "1"]
[TimeControl "5400+30"]

1. e4 d5 2. exd5 Qxd5 3. Nc3 Qa5 4. d4 Nf6 5. Nf3 Bf5 6. Bc4 e6 7. Bd2 {[%emt 0:00:00] B01: Scandinavian Defence.} Bb4 {[%emt 0:00:08] The modern move.} 8. O-O Nc6 9. a3 Bxc3 10. Bxc3 Qb6 11. b4 O-O 12. b5 Ne7 13. Bb4 Rfe8 14. Qe1 Nd7 15. Ne5 $146 ({Predecessor:} 15. a4 a5 16. bxa6 bxa6 17. a5 Qa7 18. Bb3 c5 19. Bc3 Rec8 20. Ba4 Nd5 21. Bxd7 Qxd7 {0-1 Rombaldoni,A (2471)-Dvirnyy,D (2492) ITA-ch 70th Siena 2010 (7)}) 15... Qxd4 16. Rd1 Qxe5 17. Rxd7 Qxe1 18. Rxe1 Ng6 19. Rxc7 Rac8 20. Rxc8 Rxc8 21. Bb3 Nf4 22. Bd6 Nd5 23. c4 Nc3 24. f3 Bd3 25. Re3 Ne2+ 26. Kf2 Nc1 27. Bb4 (27. c5 $11) 27... Rd8 28. Ba4 Bxc4 29. Rc3 Nd3+ 30. Ke3 Nxb4 31. axb4 Bd5 32. Rc7 g6 33. Bc2 Kg7 34. Be4 Bxe4 35. fxe4 Rb8 36. e5 g5 37. g4 Kg6 38. Rd7 h6 39. h3 Kg7 40. Kd4 b6 41. Rxa7 Kg6 42. Rd7 Kg7 43. Rd6 Kg6 44. Kc4 Rc8+ 45. Rc6 Rb8 46. Kd4 Rd8+ 47. Rd6 Rb8 $1 48. Ke4 Kg7 49. Kf3 Kg6 50. Kg3 Kg7 51. h4 Kg6 $11 1/2-1/2

[Event "Marshall CC U2400 October 2024"]
[Site "New York"]
[Date "2024.10.20"]
[Round "4.6"]
[White "Fang, Arabella"]
[Black "Miller, Rachel"]
[Result "0-1"]
[ECO "C50"]
[WhiteElo "1812"]
[BlackElo "1914"]
[Annotator "RC"]
[PlyCount "101"]
[EventDate "2024.04.20"]
[EventType "swiss"]
[EventCountry "USA"]
[SourceTitle "playchess.com"]
[Source "ChessBase"]
[SourceQuality "1"]
[TimeControl "5400+30"]

1. e4 e5 2. Nf3 Nc6 3. Bc4 Bc5 4. d3 Nf6 5. Nc3 a6 6. a3 d6 7. h3 Be6 8. Bxe6 fxe6 9. Be3 Bxe3 10. fxe3 O-O 11. O-O Qe8 12. Ne2 d5 13. exd5 exd5 14. d4 exd4 15. exd4 Qe3+ 16. Kh2 Rae8 17. Nc3 Re6 18. Qc1 Rfe8 19. Qxe3 Rxe3 20. Kg1 Na5 21. Ne5 c5 22. Rxf6 cxd4 23. Ng4 dxc3 24. Nxe3 cxb2 25. Rb1 gxf6 26. Nxd5 Re5 27. Nxf6+ Kf7 28. Ng4 Rb5 29. a4 Rb4 30. Ne5+ Ke8 31. Nd3 Rxa4 32. Rxb2 Rc4 33. Ne5 Rc7 34. g4 Re7 35. Nd3 Nc4 36. Rb4 Rc7 37. Nb2 Nxb2 38. Rxb2 a5 39. Ra2 b6 40. Kf2 Kd7 41. g5 Rc3 42. Kg2 Kc6 43. h4 Kb7 44. Ra4 Ka6 45. h5 b5 46. Rf4 a4 47. g6 hxg6 48. Rf6+ Ka5 49. hxg6 Rxc2+ 50. Kf3 Rc1 51. Rf7 0-1

[Event "Marshall CC U2400 October 2024"]
[Site "New York"]
[Date "2024.10.20"]
[Round "4.7"]
[White "Tao, Jeremy"]
[Black "Baranwal, Suvan"]
[Result "1-0"]
[ECO "D45"]
[WhiteElo "1832"]
[BlackElo "1794"]
[Annotator "NA"]
[PlyCount "81"]
[EventDate "2024.04.20"]
[EventType "swiss"]
[EventCountry "USA"]
[SourceTitle "playchess.com"]
[Source "ChessBase"]
[SourceQuality "1"]
[TimeControl "5400+30"]

1. d4 d5 2. c4 c6 3. Nc3 e6 4. e3 Nf6 5. Nf3 Nbd7 6. Qc2 Be7 7. Be2 O-O 8. O-O b6 9. e4 {[%emt 0:00:46] 9.e4 scores better than 9.b3.} dxe4 10. Nxe4 Bb7 {[%emt 0:01:05] D45: Semi-Slav: 5 e3.} 11. Nxf6+ Nxf6 12. b4 $146 ({Predecessor:} 12. c5 a5 13. Bg5 h6 14. Bh4 Ba6 15. Rac1 Bxe2 16. Qxe2 Qd5 17. Ne5 b5 18. Rfd1 {1-0 Ajay Krishna,S (2359)-Johansson,L (2451) Teplice op 17th 2024 (6)}) 12... c5 13. dxc5 bxc5 14. b5 Be4 15. Qc3 Ng4 16. Bf4 Bf6 17. Ne5 Nxe5 18. Bxe5 Bxe5 19. Qxe5 Qd4 20. Qxd4 cxd4 21. Rfd1 Rfd8 22. c5 Bc2 23. Rd2 Ba4 24. c6 Rac8 25. Rb1 a6 26. b6 (26. c7 $18 Rxc7 27. b6 (27. bxa6 g6 $16)) 26... Bxc6 27. Bxa6 Rb8 28. f3 e5 29. Bd3 Kf8 30. Rc2 Bd5 31. a4 Ra8 32. a5 Rxa5 33. b7 Bxb7 34. Rxb7 Rda8 35. Rcc7 Ra1+ 36. Kf2 R8a2+ 37. Kg3 Rg1 38. Rxf7+ Kg8 39. Rxg7+ Kh8 40. Rxh7+ Kg8 41. Rb8# 1-0

[Event "Marshall CC U2400 October 2024"]
[Site "New York"]
[Date "2024.10.20"]
[Round "4.8"]
[White "Wu, Winsley"]
[Black "Sukhiashvili, Alexander"]
[Result "1/2-1/2"]
[ECO "B24"]
[WhiteElo "1845"]
[BlackElo "1812"]
[Annotator "NA RC"]
[PlyCount "160"]
[EventDate "2024.04.20"]
[EventType "swiss"]
[EventCountry "USA"]
[SourceTitle "playchess.com"]
[Source "ChessBase"]
[SourceQuality "1"]
[TimeControl "5400+30"]

1. e4 c5 2. Ne2 e6 3. Nbc3 Nc6 4. g3 Nf6 5. Bg2 d5 6. exd5 exd5 7. d4 cxd4 8. Nxd4 Bb4 9. O-O O-O 10. Nce2 {[%emt 0:01:41] verliert an Beliebtheit (10.Bg5). B24: Sizilianisch (Geschlossenes System).} h6 11. h3 Re8 12. c3 Bc5 13. Be3 Nxd4 $146 ({Predecessor:} 13... Bb6 14. Qc2 Ne5 15. Rad1 Nc4 16. Bc1 Nd6 {½-½ Szabo,G (2404)-Kalinin,A (2466) MNT op 5th Sozina 2004 (7)}) 14. Nxd4 b6 15. Re1 Bb7 16. Qd3 Ne4 17. Nb3 Bxe3 18. Rxe3 Qf6 19. Re2 a5 20. Qd4 Qc6 21. Nd2 Rad8 22. Rae1 Ba6 23. Re3 Bb7 (23... f5 $11) 24. Nf1 Qc5 25. Qxc5 bxc5 26. f3 Nf6 27. Rxe8+ Nxe8 28. f4 Nf6 29. c4 Rd7 30. cxd5 Bxd5 31. Bxd5 Rxd5 32. Re3 Rd4 33. Ra3 a4 34. b3 axb3 35. axb3 Rd3 36. Ra5 ({White should play} 36. Ra8+ $15 Kh7 37. Ra7) 36... Ne4 ({Don't take} 36... Rxb3 37. Rxc5 g6 38. Rc4 $11) 37. Kg2 Rxb3 38. Ra8+ Kh7 39. Rc8 f5 40. g4 Rb2+ 41. Kg1 Nf2 42. gxf5 Nxh3+ 43. Kh1 Rc2 44. Ne3 Rc1+ 45. Kg2 Nxf4+ 46. Kf3 Nh5 47. Nd5 Nf6 48. Nxf6+ gxf6 49. Rc7+ Kg8 50. Rc8+ Kf7 51. Rc7+ Ke8 52. Rh7 Rh1 53. Rc7 Rc1 (53... Rf1+ $17 54. Ke4 Re1+ 55. Kf4 Rc1) 54. Rh7 c4 (54... Rf1+ $142 55. Ke4 c4) 55. Rxh6 Rf1+ 56. Ke4 c3 57. Rh2 Rc1 58. Kd3 Ke7 59. Re2+ Kf7 60. Rf2 c2 61. Rxc2 Rxc2 62. Kxc2 Kg7 63. Kd3 Kh6 64. Ke4 Kg5 65. Ke3 Kg4 66. Ke4 Kg5 67. Ke3 Kxf5 68. Kf3 Ke5 69. Ke3 f5 70. Kf3 f4 71. Kf2 Kf5 72. Kf3 Kg5 73. Kf2 Kg4 74. Kg2 f3+ 75. Kf2 Kf4 76. Kf1 Ke4 77. Kf2 Kf4 78. Kf1 Ke3 79. Ke1 f2+ 80. Kf1 Kf3 1/2-1/2